 Dungeon Crawl Stone Soup version 0.27.1-3-gb3d3a73c9e (webtiles) character file.

Game seed: 1583026956713633478

54 Gabide the Poker (level 4, -2/35 HPs)
             Began as a Human Monk on Oct 14, 2021.
             Slain by a gnoll (6 damage)
             ... on level 3 of the Dungeon.
             The game lasted 00:05:24 (2023 turns).

Gabide the Poker (Human Monk)                       Turns: 2023, Time: 00:05:26

Health: -2/35      AC:  2    Str: 12    XL:     4   Next: 12%
Magic:  4/4        EV: 13    Int: 11    God:
Gold:   69         SH:  0    Dex: 15    Spells: 3/3 levels left

rFire    . . .     SeeInvis .   a - +0 spear
rCold    . . .     Faith    .   (no shield)
rNeg     . . .     Spirit   .   b - +0 robe
rPois    .         Reflect  .   (no helmet)
rElec    .         Harm     .   (no cloak)
rCorr    .         Rampage  .   (no gloves)
Will     .....                  (no boots)
Stlth    ++........             (no amulet)
HPRegen  0.11/turn              (no ring)
MPRegen  0.09/turn              (no ring)

@: no status effects
A: no striking features
a: no special abilities


You were on level 3 of the Dungeon.
You visited 1 branch of the dungeon, and saw 3 of its levels.

You collected 105 gold pieces.
You spent 36 gold pieces at shops.

Inventory:

Hand Weapons
 a - a +0 spear (weapon)
Armour
 b - a +0 robe (worn)
Jewellery
 e - a ring of ice
Scrolls
 d - a scroll of immolation {unknown}
Potions
 c - 2 potions of curing
 f - a potion of lignification {unknown}


   Skills:
 + Level 3.1 Fighting
 * Level 4.2 Polearms
 + Level 3.2 Dodging
 + Level 2.2 Stealth


You had 3 spell levels left.
You didn't know any spells.
Your spell library contained the following spells:

 Spells                   Type           Power      Damage    Failure   Level
 Sublimation of Blood     Necr           0%         N/A       47%         2
 Wereblood                Tmut           0%         N/A       47%         2
 Summon Hydra             Summ           0%         N/A       100%        7


Dungeon Overview and Level Annotations

Branches:
Dungeon (3/15)

Altars:

Shops:
D:1 :!*=


Message History

The gnoll is severely wounded.
The gnoll misses you.
The gnoll hits you from afar with a +0 spear.
The kobold barely misses you.
You hit the gnoll but do no damage.
The gnoll is severely wounded.
The gnoll closely misses you.
A gnoll comes into view. It is wielding a +0 whip.
The gnoll barely misses you. The kobold hits you with a +0 whip.
You are too injured to fight recklessly!
You are too injured to fight recklessly!
You are too injured to fight recklessly!
You are too injured to fight recklessly!
You are too injured to fight recklessly!
You are too injured to fight recklessly!
You are too injured to fight recklessly!
You are too injured to fight recklessly!
You are too injured to fight recklessly!
You are too injured to fight recklessly!
You are too injured to fight recklessly!
You are too injured to fight recklessly!
You are too injured to fight recklessly!
You are too injured to fight recklessly!
You hit the gnoll.
The gnoll is severely wounded.
The gnoll completely misses you. The gnoll barely misses you.
The kobold hits you but does no damage.
You closely miss the gnoll.
The gnoll is severely wounded.
The gnoll hits you with a +0 flail.
* * * LOW HITPOINT WARNING * * *
The gnoll misses you.
A gnoll comes into view. It is wielding a +0 flail.
You barely miss the gnoll.
The gnoll is severely wounded.
The kobold hits you with a +0 whip.
* * * LOW HITPOINT WARNING * * *
The gnoll barely misses you.
The gnoll hits you from afar with a +0 spear.
You die...

##### ##...##
##.....####.##
####...(.........
#...<.....#.##.##
#........## #
#.....@g##
#......K#
#.....g.#
#.......#
#.......#
####..g.. #.g.##
###.#


You could see 4 gnolls and a kobold.

Vanquished Creatures
  An adder (D:2)
  4 endoplasms
  5 giant cockroaches (D:1)
  3 goblins (D:1)
  3 hobgoblins
  3 jackals (D:2)
  A quokka (D:2)
  6 ball pythons
  8 bats
  3 frilled lizards
  3 kobolds
  3 rats
43 creatures vanquished.

Notes
Turn   | Place    | Note
-------+----------+-------------------------------------------
     0 | D:1      | Gabide the Human Monk began the quest for the Orb.
     0 | D:1      | Reached XP level 1. HP: 18/18 MP: 1/1
   101 | D:1      | Reached XP level 2. HP: 7/24 MP: 2/2
   476 | D:1      | Found Cimetuec's Assorted Antiques.
   571 | D:1      | Reached XP level 3. HP: 29/29 MP: 3/3
   606 | D:1      | Found Ethriown's Distillery.
   660 | D:1      | Bought a potion of curing for 36 gold pieces
   715 | D:1      | Found Zonosujo's Jewellery Shoppe.
   753 | D:1      | Found Zifah's Book Shop.
  1024 | D:2      | Reached skill level 4 in Polearms
  1538 | D:2      | Reached XP level 4. HP: 30/35 MP: 4/4
  2023 | D:3      | Slain by a gnoll

Illustrated notes

Levels and vault maps discovered:
D:1:      dpeg_arrival_prison, layout_rooms, serial_shops, shop_statue, shop,
          shop, nicolae_lakefront_shop
D:2:      layout_basic, kennysheep_nondescript, nrook_mini_backslash
D:3:      layout_loops_corners, okawaru_trees_1, cheibrodos_sewer_entry_drain,
          shapermc_ecumenical_altar_flowoftime, serial_shops, shop

Skill      XL: |  1  2  3 |
---------------+----------+-----
Polearms       | 4 |  4.2
Fighting       | |  3.1
Dodging        | |  3.2
Stealth        | |  2.2

Action                   |  1- 3 |  4- 6 || total
-------------------------+-------+-------++-------
Melee: Spear             |   133 |    32 ||   165
  Use: Potion            |     2 |       ||     2
       Scroll            |       |     2 ||     2
 Stab: Sleeping          |     8 |     1 ||     9
Armor: Robe              |    22 |     3 ||    25
Dodge: Dodged            |    81 |    16 ||    97
